 Dungeon Crawl Stone Soup version 0.18.1-48-g4cf74bf (webtiles) character file.

115 nikopol the Chopper (level 4, -12/61 HPs)
             Began as a Minotaur Berserker on Aug 22, 2016.
             Was a Believer of Trog.
             Mangled by Krapule's ghost (14 damage)
             ... on level 3 of the Dungeon.
             The game lasted 00:02:55 (1809 turns).

nikopol the Chopper (Minotaur Berserker)            Turns: 1809, Time: 00:02:56

Health: -12/61     AC:  5    Str: 26    XL:     4   Next: 68%
Magic:  3/3        EV: 12    Int:  4    God:    Trog [**....]
Gold:   97         SH:  0    Dex: 11    Spells: 0 memorised, 3 levels left

rFire  . . .     SeeInvis .     a - +0 hand axe
rCold  . . .     Gourm    .     e - +0 ring mail
rNeg   . . .     Faith    .     (no shield)
rPois  .         Spirit   .     (helmet restricted)
rElec  .         Dismiss  .     (no cloak)
rCorr  .         Reflect  .     (no gloves)
SustAt .         Harm     .     (no boots)
MR     .....                    (no amulet)
Stlth  ..........               (no ring)
                                (no ring)

@: berserking, very quick, not resistant to hostile enchantments, extremely
unstealthy
A: retaliatory headbutt, horns 2
a: Berserk, Trog's Hand, Burn Spellbooks, Renounce Religion


You were on level 3 of the Dungeon.
You worshipped Trog.
Trog was pleased with you.
You were not hungry.

You visited 1 branch of the dungeon, and saw 3 of its levels.

You collected 97 gold pieces.

Inventory:

Hand Weapons
 a - a +0 hand axe (weapon)
Missiles
 f - 64 arrows (quivered)
Armour
 b - a +0 animal skin
 e - a +0 ring mail (worn)
Jewellery
 n - a cursed amulet of inaccuracy {unknown}
Scrolls
 d - 3 scrolls of enchant weapon {unknown}
 h - a scroll of blinking {unknown}
 i - a scroll of fog {unknown}
 k - a scroll of enchant armour {unknown}
 m - a scroll of magic mapping {unknown}
 o - 3 scrolls of noise {unknown}
 q - a scroll of amnesia {unknown}
 r - a scroll of identify {unknown}
Potions
 g - a potion of brilliance {unknown}
 j - a potion of curing {unknown}
 l - a potion of lignification {unknown}
 t - a potion of ambrosia {unknown}
Comestibles
 c - 6 bread rations
 p - 2 meat rations
 s - 4 chunks of flesh


   Skills:
 + Level 4.6 Fighting
 + Level 4.7 Axes
 + Level 3.7 Armour
 + Level 2.9 Dodging


You had 3 spell levels left.
You didn't know any spells.

Dungeon Overview and Level Annotations

Branches:
Dungeon (3/15)

Altars:
Kikubaaqudgha
Nemelex Xobeh

Annotations:
D:3 Krapule's ghost, novice OpMo


Innate Abilities, Weirdness & Mutations

You reflexively headbutt those who attack you in melee.
You have a pair of horns on your head.


Message History

You closely miss Krapule's ghost.
Krapule's ghost is heavily damaged.
You hit Krapule's ghost but do no damage.
Your headbutt misses Krapule's ghost.
Krapule's ghost is heavily damaged.
Krapule's ghost hits you!
* * * LOW HITPOINT WARNING * * *
You miss Krapule's ghost. Your headbutt misses Krapule's ghost.
Krapule's ghost is heavily damaged.
Krapule's ghost hits you!
* * * LOW HITPOINT WARNING * * *
You closely miss Krapule's ghost.
Krapule's ghost is heavily damaged.
You barely miss Krapule's ghost.
Krapule's ghost is heavily damaged.
Krapule's ghost misses you.
You barely miss Krapule's ghost.
Krapule's ghost is heavily damaged.
Krapule's ghost hits you!
You die...

#.#.#.#.#.#..._
#.#.#.#.#.#.#.⌠.
.'#.#.#+#.#.#.#.
.
..#.#.......#.#.
..
..?+#.<......+#.
.# ..
#.#.......# .#
#.#.#......+ .#
'#.#.......#.#.#
+#'#+#.@...# ...
#.W...# ..
#..........
#.......###
#.......#
#....$..#
#........
#....§.§§#


You could see Krapule's ghost.

Vanquished Creatures
  6 adders
  2 worms
  2 dart slugs (D:1)
  3 giant geckos
  2 bat zombies (D:2)
  2 giant cockroaches
  6 goblins
  5 hobgoblins
  4 kobolds
  2 ball pythons (D:2)
  7 bats
  2 giant newts
  7 rats
  2 rat zombies (D:2)
52 creatures vanquished.

Vanquished Creatures (others)
  A goblin (D:3)
1 creature vanquished.

Grand Total: 53 creatures vanquished

Notes
Turn   | Place    | Note
--------------------------------------------------------------
     0 | D:1      | nikopol the Minotaur Berserker began the quest for the Orb.
     0 | D:1      | Reached XP level 1. HP: 19/19 MP: 0/0
   282 | D:1      | Reached XP level 2. HP: 27/27 MP: 1/1
   782 | D:2      | Reached XP level 3. HP: 27/33 MP: 2/2
   970 | D:2      | Reached ** piety under Trog
  1231 | D:2      | Reached XP level 4. HP: 30/40 MP: 3/3
  1436 | D:2      | Found an ancient bone altar of Kikubaaqudgha.
  1779 | D:3      | Found a sparkling altar of Nemelex Xobeh.
  1793 | D:3      | Noticed Krapule's ghost (novice OpMo)
  1806 | D:3      | HP: 2/61 [Krapule's ghost (15)]
  1809 | D:3      | Mangled by Krapule's ghost

Skill      XL: |  1  2  3 |
---------------+----------+-----
Armour         | 3 |  3.7
Axes           | 4 |  4.7
Fighting       | 4 |  4.6
Dodging        | |  2.9

Action                   |  1- 3 |  4- 6 || total
-------------------------+-------+-------++-------
Melee: Hand axe          |    65 |    56 ||   121
       Headbutt          |    11 |     5 ||    16
Invok: Berserk           |       |     1 ||     1
  Eat: Chunk             |     1 |     2 ||     3
Armor: Ring mail         |    24 |    23 ||    47
       Animal skin       |     1 |       ||     1
Dodge: Dodged            |    49 |    30 ||    79
